 Dungeon Crawl Stone Soup version 0.28-a0-794-gafe8c5f9e9 (webtiles) character file.

Game seed: 10488790870472403424

18 gimp the Magician (level 2, -1/22 HPs)
             Began as a Djinni Wanderer on Nov 5, 2021.
             Slain by a gnoll (8 damage)
             ... on level 1 of the Dungeon.
             The game lasted 00:03:14 (922 turns).

gimp the Magician (Djinni Wanderer)                  Turns: 922, Time: 00:03:14

Health: -1/22      AC:  5    Str: 10    XL:     2   Next: 85%
Gold:   31         EV: 11    Int: 14    God:
                   SH:  0    Dex: 12

rFire   + + .      SeeInvis .   a - +0 dagger
rCold   x . .      Faith    .   (no shield)
rNeg    . . .      Spirit   .   c - +2 leather armour
rPois   ∞          Reflect  .   (no helmet)
rElec   .          Harm     .   (no cloak)
rCorr   .          Rampage  .   (no gloves)
Will    .....                   (boots unavailable)
Stlth   +.........              (no amulet)
HPRegen 0.07/turn               (no ring)
MPRegen 0.00/turn               (no ring)

@: flying
A: sickness immunity, fire resistance 2, cold vulnerability 1, float, innate
caster, hp casting, extra vitality 1
a: no special abilities


You were on level 1 of the Dungeon.
You visited 1 branch of the dungeon, and saw 1 of its levels.

You collected 31 gold pieces.

Inventory:

Hand Weapons
 a - a +0 dagger (weapon)
Armour
 c - a +2 leather armour (worn)
Scrolls
 d - a scroll of immolation {unknown}
 e - a scroll of identify {unknown}
 f - a scroll of fear {unknown}
Potions
 b - a potion of lignification
 g - a potion of flight {unknown}
 h - a potion of magic {unknown}


   Skills:
 + Level 1.4 Fighting
 - Level 1.0 Long Blades
 - Level 2.1 Dodging
 - Level 1.0 Stealth
 - Level 1.0 Shields
 + Level 4.3 Spellcasting


You had 5 spell levels left.
You knew the following spells:

 Your Spells              Type           Power      Damage    Failure   Level
a - Summon Small Mammal   Summ           60%        N/A       4%          1
b - Summon Guardian Gole  Hex/Summ       15%        N/A       13%         3

Your spell library contained the following spells:

 Spells                   Type           Power      Damage    Failure   Level


Dungeon Overview and Level Annotations

Branches:
Dungeon (1/15)

Altars:


Innate Abilities, Weirdness & Mutations

You are immune to sickness and miasma.
You are immune to poison.
Your flesh is very heat resistant. (rF++)
You are vulnerable to cold. (rC-)
You float through the air rather than walking.
You learn spells naturally, not from books.
Your magical power is your life essence.
You have superior vitality. (+4 HP)


Message History

The gnoll hits you with a +0 spear.
You take 3 damage, and have 14/22 hp.
You closely miss the gnoll.
The gnoll is lightly wounded.
The gnoll closely misses you.
You hit the gnoll but do no damage.
The gnoll is lightly wounded.
The gnoll barely misses you.
You barely miss the gnoll.
The gnoll is lightly wounded.
The gnoll closely misses you.
You barely miss the gnoll.
The gnoll is lightly wounded.
Unknown command.
Unknown command.
Unknown command.
The gnoll hits you but does no damage. The gnoll completely misses you.
You take 1 damage, and have 14/22 hp.
The gnoll hits you from afar with a +0 spear.
You take 6 damage, and have 8/22 hp.
MASSIVE DAMAGE!!
A bat comes into view.
The bat closely misses you.
Your rat bites the gnoll.
The gnoll hits your rat with a +0 spear!
Your rat dies!
Your rat's corpse disappears in a puff of smoke!
You hit the bat.
The bat is moderately wounded.
The bat hits you but does no damage.
Your rat closely misses the gnoll.
You are too injured to fight recklessly!
Casting: Summon Small Mammal (safe; 4% risk of failure)
Press: ? - help, Q - select action Dir - look around, f - activate The bat hits you but does no damage. x2; Your rat closely misses the gnoll.
The gnoll barely misses you.
You take 1 damage, and have 8/22 hp.
You barely miss the bat.
The bat is moderately wounded.
The bat completely misses you. The bat hits you.
Your rat bites the gnoll.
The gnoll hits you from afar with a +0 spear!
You die...

#...........# #.....
#########.########.....
#...).....# +..8.8.
#....####.########.....
#.##....# #.......#8.....
#.......##########.#...<..
####...rg.......##.#######
###..........##........
#...@b.....##########
#....r.....# #..
#..........# #..
#..........# #..
#..........# #..
#..........# #..
#..........# #..
############ #.# #.#


You could see a gnoll (ally target), a bat (ally target), a friendly quokka
(summoned) and a friendly rat (summoned).

Vanquished Creatures
  2 bats (D:1)
  3 giant cockroaches (D:1)
  2 goblins (D:1)
  A hobgoblin (D:1)
  A quokka (D:1)
  A ball python (D:1)
  2 frilled lizards (D:1)
  3 kobolds (D:1)
  2 rats (D:1)
17 creatures vanquished.

Notes
Turn   | Place    | Note
-------+----------+-------------------------------------------
     0 | D:1      | gimp the Djinni Wanderer began the quest for the Orb.
     0 | D:1      | Reached XP level 1. HP: 15/15 MP: 0/0
    16 | D:1      | Found a faded altar of an unknown god.
   343 | D:1      | Reached skill level 1 in Fighting
   343 | D:1      | Reached XP level 2. HP: 21/22 MP: 0/0
   922 | D:1      | Slain by a gnoll

Illustrated notes

Levels and vault maps discovered:
D:1:      elethiomel_arrival_quiet, layout_basic, basic_ecumenical_altar,
          minmay_heptomino_l4

Skill      XL: |  1 |
---------------+----+-----
Fighting       | 1 |  1.4
Long Blades    | |  1.0
Dodging        | |  2.1
Stealth        | |  1.0
Shields        | |  1.0
Spellcasting   | |  4.3

Action                   || total
-------------------------++-------
Melee: Dagger            ||   111
 Cast: Summon Small Mamm ||     5
 Stab: Sleeping          ||     1
Armor: Leather armour    ||    55
Dodge: Dodged            ||    78

Table legend: (Time is in decaauts)
 A = Elapsed time spent in this place.
 B = Non-inter-level travel time spent in this place.
 C = Inter-level travel time spent in this place.
 D = Time resting spent in this place.
 E = Time spent auto-exploring this place.
 F = Levels seen in this place.
 G = Mean time per level.
                   A        B        C        D        E       F      G
               +--------+--------+--------+--------+--------+-----+--------+
         Total |    920 |    920 |      0 |      0 |    697 |   1 |  920.0 |
       Dungeon |    920 |    920 |      0 |      0 |    697 |   1 |  920.0 |
               +--------+--------+--------+--------+--------+-----+--------+

Top non-repeatable levels by time:
     D:1: 920 daAuts
